 Dungeon Crawl Stone Soup version 0.31-a0-196-g86fe4a5e66 (webtiles) character file.

Game seed: 12647568644736547131

103 ragingrage the Chiller (level 4, -4/27 HPs)
             Began as an Octopode Ice Elementalist on June 24, 2023.
             Slain by an ogre
             ... wielding a +0 giant club
              (29 damage)
             ... on level 3 of the Dungeon.
             The game lasted 00:02:40 (2511 turns).

ragingrage the Chiller (Octopode Ice Elementalist)  Turns: 2511, Time: 00:02:41

Health: -4/27      AC:  1    Str:  7    XL:     4   Next: 79%
Magic:  8/8        EV: 13    Int: 19    God:
Gold:   126        SH:  0    Dex: 12    Spells: 0/8 levels left

rFire   . . .        b - +0 dagger
rCold   . . .        (no shield)
rNeg    . . .        (helmet restricted)
rPois   .            (no amulet)
rElec   .            (no ring)
rCorr   .            (no ring)
SInv    .            (no ring)
Will    .....        (no ring)
Stlth   +++          (no ring)
HPRegen 0.24/turn    (no ring)
MPRegen 0.11/turn    (no ring)
                     (no ring)

%: no passive effects
@: no status effects
A: almost no armour, amphibious, 8 rings, camouflage 1, gelatinous body 1,
(nimble swimmer 1), tentacles
a: no special abilities


You were on level 3 of the Dungeon.
You visited 1 branch of the dungeon, and saw 3 of its levels.

You collected 126 gold pieces.

Inventory:

Hand Weapons
 b - a +0 dagger (weapon)
Magical Staves
 a - a staff of poison
Scrolls
 d - a scroll of teleportation {unknown}
 e - 2 scrolls of poison {unknown}
 g - 2 scrolls of enchant weapon {unknown}
 i - a scroll of fear {unknown}
 l - a scroll of identify {unknown}
 m - a scroll of amnesia {unknown}
Potions
 c - a potion of magic
 f - a potion of curing {unknown}
 h - a potion of mutation {unknown}
 j - a potion of lignification {unknown}
 k - 2 potions of attraction {unknown}


   Skills:
 - Level 2.3 Dodging
 - Level 3.4 Stealth
 + Level 2.7 Spellcasting
 + Level 0.6 Summonings
 + Level 5.1 Ice Magic


You couldn't memorise any spells.
You knew the following spells:

 Your Spells              Type           Power      Damage    Failure   Level
a - Freeze                Ice            88%        1d9       1%          1
b - Frozen Ramparts       Ice            44%        1d7       6%          3
c - Summon Ice Beast      Ice/Summ       13%        N/A       43%         4

Your spell library contained the following spells:

 Spells                   Type           Power      Damage    Failure   Level
 Ozocubu's Armour         Ice            22%        N/A       6%          3
 Summon Small Mammal      Summ           20%        N/A       12%         1
 Call Canine Familiar     Summ           5%         N/A       34%         3
 Summon Guardian Golem    Hex/Summ       3%         N/A       38%         3
 Portal Projectile        Hex/Tloc       4%         N/A       43%         3
 Tukima's Dance           Hex            2%         N/A       43%         3
 Blade Hands              Tmut           1%         N/A       99%         5


Dungeon Overview and Level Annotations

Branches:
Dungeon (3/15)

Altars:

Annotations:
D:2 exclusion: kobold


Innate Abilities, Weirdness & Mutations

You cannot wear most types of armour.
You are amphibious.
You can wear up to eight rings at the same time.
Your skin changes colour to match your surroundings (Stealth+).
Your rubbery body absorbs attacks. (AC +1, EV +1)
((You are camouflaged when in or above water. (Stealth+)))
You have tentacles for arms and can constrict up to eight enemies at once.


Message History

Aiming: Freeze (safe; 1% risk of failure)
Press: ? - help, Q - select action, (/) - cycle Shift-Dir - straight line, f - you That would be overly suicidal.
Okay, then.
Unknown command.
You start resting.
Your magical contamination has completely faded away.
You start resting.
Okay, then.
g - 2 scrolls labelled KOGIFO YTZUMAESA (gained 1)
m - a scroll labelled POMESABISIO A bat is nearby!
Found a stone staircase leading down.
You can't see any susceptible monsters within range! (Use Z to cast anyway.)
The bat barely misses you.
You freeze the bat!
You kill the bat!
No target in view!
You can't see any susceptible monsters within range! (Use Z to cast anyway.)
There is a stone staircase leading down here.
A hobgoblin comes into view.
You can't see any susceptible monsters within range! (Use Z to cast anyway.)
A hobgoblin is nearby!
You can't see any susceptible monsters within range! (Use Z to cast anyway.)
A hobgoblin is nearby!
An ogre comes into view. It is wielding a +0 giant club.
You can't see any susceptible monsters within range! (Use Z to cast anyway.)
The hobgoblin shouts!
You freeze the hobgoblin!
You kill the hobgoblin!
You hit the ogre. The ogre misses you. The ogre attacks as you move away!
The ogre hits you with a +0 giant club!
You open the door.
There is an open door here.
The ogre attacks as you move away! The ogre barely misses you.
There is a stone staircase leading down here.
The ogre attacks as you move away!
The ogre hits you with a +0 giant club!!
Ouch! That really hurt!
You die...

#.....###.............#
#.###.##.....########.# #
#.###.###...## #.#
#..<##.......##..# #.###
#.......##.......# #...#
#...###†####.##.## ###.# ##.#
#.####.##'## #.# #.#
#......#...## #.#
#.##########..@..## ####.#
#.##.## ##...O...######.##.#
###.#...####..................#
...........'..................#
###.#...####.........###......#
#......# ##........# #.#.#.##
#.(###.### ##..>..#.###.###.#
#........# ##...##.........#
#......#.# ##'#######.#####


You could see an ogre.

Vanquished Creatures
  Natasha (D:3)
  4 adders (D:2)
  A worm (D:2)
  A dart slug (D:1)
  9 ball pythons
  5 bats
  2 endoplasms
  4 hobgoblins
  4 goblins
  3 kobolds
  3 rats
37 creatures vanquished.

Notes
Turn   | Place    | Note
-------+----------+-------------------------------------------
     0 | D:1      | ragingrage the Octopode Ice Elementalist began the quest
                  | for the Orb.
     0 | D:1      | Reached XP level 1. HP: 11/11 MP: 3/3
   206 | D:1      | Reached XP level 2. HP: 17/17 MP: 3/5
  1202 | D:2      | Reached XP level 3. HP: 21/21 MP: 2/6
  1725 | D:2      | Reached skill level 5 in Ice Magic
  1725 | D:2      | Reached XP level 4. HP: 24/27 MP: 3/7
  1784 | D:2      | Learned a level 3 spell: Frozen Ramparts
  2096 | D:2      | Found a faded altar of an unknown god.
  2132 | D:2      | Identified the +0 scale mail of the Eagle {rF++ rC++ Dex-5}
  2211 | D:3      | Learned a level 4 spell: Summon Ice Beast
  2327 | D:3      | Noticed Natasha
  2334 | D:3      | Killed Natasha
  2481 | D:3      | Noticed an ogre
  2511 | D:3      | Slain by an ogre

Illustrated notes

Levels and vault maps discovered:
D:1:      dpeg_arrival_lava_temple_mockup, layout_loops_ring,
          minmay_strange_pillars
D:2:      layout_loops_cross, dreamdust_ecumenical_altar_hidden_monk_grotto,
          minmay_snake_closets
D:3:      layout_loops_corners, nicolae_overflow_ecumenical_swirl,
          kennysheep_generic_room_8, uniq_crazy_yiuf_cottage, uniq_natasha

Skill      XL: |  1  2  3 |
---------------+----------+-----
Stealth        | 3 |  3.4
Ice Magic      | 5 |  5.1
Dodging        | |  2.3
Spellcasting   | |  2.7
Summonings     | |  0.6

Action                     |  1- 3 |  4- 6 || total
---------------------------+-------+-------++-------
  Melee: Staff             |     4 |     4 ||     8
         Unarmed           |     2 |       ||     2
         Constrict         |     2 |     1 ||     3
         Tentacles         |     1 |       ||     1
         Punch             |     1 |       ||     1
         Dagger            |       |     4 ||     4
   Cast: Freeze            |    42 |    14 ||    56
   Stab: Sleeping          |     1 |     1 ||     2
 Armour: Skin              |     2 |     1 ||     3
  Dodge: Dodged            |    17 |    10 ||    27

Table legend: (Time is in decaauts)
 A = Elapsed time spent in this place.
 B = Non-inter-level travel time spent in this place.
 C = Inter-level travel time spent in this place.
 D = Time resting spent in this place.
 E = Time spent auto-exploring this place.
 F = Levels seen in this place.
 G = Mean time per level.
                   A        B        C        D        E       F      G
               +--------+--------+--------+--------+--------+-----+--------+
         Total |   2510 |   2392 |    118 |    380 |   1687 |   3 |  836.7 |
       Dungeon |   2510 |   2392 |    118 |    380 |   1687 |   3 |  836.7 |
               +--------+--------+--------+--------+--------+-----+--------+

Top non-repeatable levels by time:
     D:2: 1341 daAuts
     D:1: 863 daAuts
     D:3: 304 daAuts
